 Dungeon Crawl Stone Soup version 0.31-a0-18-gea43df2 (webtiles) character file.

Game seed: 15817200341725117842

42 Nithhogg the Trooper (level 3, 0/33 HPs)
             Began as a Hill Orc Fighter on May 9, 2023.
             Slain by a hobgoblin (3 damage)
             ... led by Robin
             ... on level 2 of the Dungeon.
             The game lasted 00:01:54 (977 turns).

Nithhogg the Trooper (Hill Orc Fighter)              Turns: 977, Time: 00:01:54

Health: 0/33       AC:  6    Str: 20    XL:     3   Next: 56%
Magic:  4/4        EV:  9    Int:  8    God:
Gold:   90         SH:  0    Dex: 10    Spells: 2/2 levels left

rFire   . . .        a - +0 war axe
rCold   . . .        (no shield)
rNeg    . . .        b - +0 scale mail
rPois   .            (no helmet)
rElec   .            (no cloak)
rCorr   .            (no gloves)
SInv    .            (no boots)
Will    .....        (no amulet) Stlth
                     (no ring)
HPRegen 0.25/turn    (no ring)
MPRegen 0.09/turn

%: no passive effects
@: mighty, about to teleport
A: no striking features
a: no special abilities


You were on level 2 of the Dungeon.
You visited 1 branch of the dungeon, and saw 2 of its levels.

You collected 90 gold pieces.

Inventory:

Hand Weapons
 a - a +0 war axe (weapon)
Armour
 b - a +0 scale mail (worn)
 c - a +0 buckler
Scrolls
 e - a scroll of vulnerability
 k - a scroll of fog
Potions
 f - a potion of degeneration {unknown}
 g - a potion of curing {unknown}
 l - a potion of brilliance {unknown}
 n - a potion of flight {unknown}


   Skills:
 + Level 3.9 Fighting
 + Level 3.1 Axes
 + Level 3.5 Armour
 * Level 3.8 Shields
 * Level 2.1 Invocations


You had 2 spell levels left.
You didn't know any spells.
Your spell library was empty.

Dungeon Overview and Level Annotations

Branches:
Dungeon (2/15)

Altars:

Annotations:
D:2 Robin, Sigmund


Message History

Sigmund flickers and vanishes!
Deactivating autopickup; reactivate with Ctrl-A.
The goblin hits you but does no damage. The goblin closely misses you.
The goblin hits you but does no damage. The goblin barely misses you.
You barely miss the goblin. You punch the goblin.
You kill the goblin!
You barely miss the goblin. You hit the hobgoblin.
The goblin hits you with a +0 dagger. The hobgoblin barely misses you.
You hit the hobgoblin but do no damage.
The hobgoblin is severely wounded.
You slash the goblin!
You kill the goblin!
You hit the goblin but do no damage.
Robin roars a battlecry!
The goblins go into a battle-frenzy!
The goblin barely misses you. Something hits you but does no damage.
The hobgoblin hits you.
You closely miss the hobgoblin.
The hobgoblin is heavily wounded.
You miss the goblin. You closely miss the goblin.
Robin throws the goblin at you! The goblin hits you but does no damage.
The goblin hits you with a +0 club. The goblin hits you with a +0 dagger.
The hobgoblin barely misses you. Something hits you.
The hobgoblin hits you but does no damage.
The goblin closely misses you. The goblin barely misses you.
The goblin completely misses you.
You are too injured to fight recklessly!
You feel very mighty all of a sudden.
A kobold comes into view. It is wielding a +0 whip.
The hobgoblin hits you. The goblin barely misses you. x2
The goblin closely misses you. Something hits you.
* * * LOW HITPOINT WARNING * * *
Okay, then.
As you read the scroll of teleportation, it crumbles to dust.
You feel strangely unstable.
The kobold shouts!
The goblin hits you with a +0 club.
* * * LOW HITPOINT WARNING * * *
The hobgoblin hits you.
You die...

..# ..# ##.## ####.
##... .....
...########.....
####.#....†<.)###.
#.................
#...$.............
#@gg..............
#?gggg...............
.....gS{................
......g................#
.........$..###.......##
.K..........# #.........
............. #####(.#
#.........[.#####.<.....
##...######


You could see an adder, 2 hobgoblins, 6 goblins and a kobold.

Vanquished Creatures
  A dart slug (D:1)
  6 bats
  3 endoplasms
  A giant cockroach (D:2)
  4 goblins (D:2)
  2 hobgoblins (D:1)
  7 jackals (D:1)
  A quokka (D:1)
  4 ball pythons
  4 frilled lizards
  A kobold (D:1)
  3 rats
37 creatures vanquished.

Notes
Turn   | Place    | Note
-------+----------+-------------------------------------------
     0 | D:1      | Nithhogg the Hill Orc Fighter began the quest for the Orb.
     0 | D:1      | Reached XP level 1. HP: 19/19 MP: 1/1
   153 | D:1      | Reached skill level 1 in Invocations
   153 | D:1      | Reached XP level 2. HP: 22/27 MP: 2/2
   384 | D:1      | Reached XP level 3. HP: 33/33 MP: 4/4
   795 | D:2      | Noticed Sigmund
   968 | D:2      | Noticed Robin
   977 | D:2      | Slain by a hobgoblin

Illustrated notes

Levels and vault maps discovered:
D:1:      spicycebolla_green_bress_n_ham, layout_loops_cross, minivault_14,
          nrook_mini_vaults, minmay_tetromino_t2
D:2:      layout_rooms, uniq_robin, uniq_sigmund

Skill      XL: |  1  2  3 |
---------------+----------+-----
Invocations    | 1 2 |  2.1
Axes           | 3 |  3.1
Fighting       | |  3.9
Armour         | |  3.5
Shields        | |  3.8

Action                     || total
---------------------------++-------
  Melee: War axe           ||    95
         Punch             ||     2
    Use: Scroll            ||     7
         Potion            ||     1
 Armour: Scale mail        ||    70
  Dodge: Dodged            ||    77

Table legend: (Time is in decaauts)
 A = Elapsed time spent in this place.
 B = Non-inter-level travel time spent in this place.
 C = Inter-level travel time spent in this place.
 D = Time resting spent in this place.
 E = Time spent auto-exploring this place.
 F = Levels seen in this place.
 G = Mean time per level.
                   A        B        C        D        E       F      G
               +--------+--------+--------+--------+--------+-----+--------+
         Total |   1010 |    954 |     56 |     80 |    614 |   2 |  505.0 |
       Dungeon |   1010 |    954 |     56 |     80 |    614 |   2 |  505.0 |
               +--------+--------+--------+--------+--------+-----+--------+

Top non-repeatable levels by time:
     D:1: 875 daAuts
     D:2: 134 daAuts
